AoeStats
← zdenekvais

Oasis

510128771Analyzed
3v3 RM · 3d ago on Sep 29, 2026· 31m 46s· 6 players
Game mode
Random Map
Map size
Normal (6 player)
Population
200
Speed
Normal
Resources
Standard
Victory
Conquest
Starting age
Dark Age
Ending age
Imperial Age
RankedLock teamsTeams togetherTeam positionsShared explorationLock speedFull tech treeHidden civsTurbo modeCheats
Victory
Defeat
🇨🇿 Inca · Czechia
922
+6
🇨🇿 Danes · Czechia
879
+7
🇨🇿 Huns · Czechia
539
+19
🇨🇳 Huns · China
671
-12
🇹🇷 Turks · Türkiye
641
-10
🇮🇹 Varangians · Italy
640
-10
Legolas
4:50 Loom
12:59 Feudal Age
21:07 Castle Age
19:15 Double-Bit Axe
23:31 Man-at-Arms
ildemo
0:28 Loom
13:47 Feudal Age
15:58 Wheelbarrow
15:06 Horse Collar
15:15 Double-Bit Axe
16:00 Man-at-Arms
16:58 Gold Mining
18:02 Town Watch
18:40 Bloodlines
27:54 Castle Age
28:30 Stone Mining
湛叔
0:36 Loom
13:55 Feudal Age
14:44 Double-Bit Axe
14:40 Horse Collar
14:56 Stone Mining
14:59 Gold Mining
15:06 Stone Mining
16:31 Wheelbarrow
Schiza
7:02 Loom
9:46 Feudal Age
10:20 Double-Bit Axe
13:09 Man-at-Arms
14:31 Horse Collar
16:28 Scale Mail Armor
17:32 Forging
18:19 Arson
28:23 Castle Age
29:09 Wheelbarrow
28:19 Town Watch
29:52 Gambesons
29:29 Long Swordsman
30:10 Squires
30:36 Chain Mail Armor
30:56 Iron Casting
zdenekvais
11:42 Feudal Age
13:05 Double-Bit Axe
14:15 Wheelbarrow
14:28 Horse Collar
22:59 Castle Age
23:11 Scale Barding Armor
23:17 Forging
23:07 Scale Mail Armor
25:57 Iron Casting
25:56 Heavy Plow
26:06 Gold Mining
27:47 Hand Cart
30:25 Chain Mail Armor
31:08 Husbandry
31:34 Chain Barding Armor
bubak750
10:58 Feudal Age
11:08 Champi Runner
13:02 Scale Mail Armor
23:54 Wheelbarrow
31:25 Castle Age
30:54 Horse Collar
30:59 Double-Bit Axe
31:06 Gold Mining
31:07 Stone Mining
31:28 Champi Warrior
32:30 Chain Mail Armor
32:40 Hand Cart
Connection lost

Rejoining the realm…

Still unreachable

The connection could not be restored.

Session expired

The server has moved on; the page needs a fresh start.